 Dungeon Crawl Stone Soup version 0.28-a0-1396-gdcb3f3653b (webtiles) character file.

Game seed: 13051340337497272258

7 IndexError the Caller (level 2, 0/16 (19) HPs)
             Began as a Gnoll Summoner on Jan 5, 2022.
             Slain by a kobold (1 damage)
             ... on level 1 of the Dungeon.
             The game lasted 00:00:33 (458 turns).

IndexError the Caller (Gnoll Summoner)               Turns: 458, Time: 00:00:34

HP:   0/16 (19)     AC:  2    Str:  7    XL:     2   Next: 0%
MP:   5/7           EV: 13    Int: 14    God:
Gold: 15            SH:  0    Dex: 12    Spells: 9/10 levels left

rFire   . . .      SeeInvis .   b - +0 hand axe
rCold   . . .      Faith    .   (no shield)
rNeg    . . .      Spirit   .   a - +0 robe
rPois   .          Reflect  .   (no helmet)
rElec   .          Harm     .   (no cloak)
rCorr   .          Rampage  .   (no gloves)
Will    .....                   (no boots)
Stlth   ++........              (no amulet)
HPRegen 0.05/turn               (no ring)
MPRegen 0.10/turn               (no ring)

@: heavily drained
A: fangs 1, strong nose, distributed training
a: no special abilities


You were on level 1 of the Dungeon.
You visited 1 branch of the dungeon, and saw 1 of its levels.

You collected 15 gold pieces.

Inventory:

Hand Weapons
 b - a +0 hand axe (weapon)
   (You found it on level 1 of the Dungeon)
Armour
 a - a +0 robe (worn)
Scrolls
 c - a scroll of blinking {unknown}
 d - a scroll of teleportation {unknown}


   Skills:
 + Level 0.2 Fighting
 + Level 0.2 Short Blades
 + Level 0.2 Long Blades
 + Level 0.2 Axes
 + Level 0.2 Maces & Flails
 + Level 0.2 Polearms
 + Level 0.2 Staves
 + Level 0.2 Slings
 + Level 0.2 Bows
 + Level 0.2 Crossbows
 + Level 0.2 Throwing
 + Level 0.2 Armour
 + Level 4.4 Dodging
 + Level 4.0 Stealth
 + Level 0.2 Shields
 + Level 0.2 Unarmed Combat
 + Level 4.9 Spellcasting
 + Level 0.1 Conjurations
 + Level 0.1 Hexes
 + Level 7.0 Summonings
 + Level 0.1 Necromancy
 + Level 0.1 Translocations
 + Level 0.1 Transmutations
 + Level 0.1 Fire Magic
 + Level 0.1 Ice Magic
 + Level 0.1 Air Magic
 + Level 0.1 Earth Magic
 + Level 0.1 Poison Magic
 + Level 0.3 Invocations
 + Level 0.2 Evocations


You had 9 spell levels left.
You knew the following spells:

 Your Spells              Type           Power      Damage    Failure   Level
a - Summon Small Mammal   Summ           92%        N/A       1%          1

Your spell library contained the following spells:

 Spells                   Type           Power      Damage    Failure   Level
 Call Imp                 Summ           23%        N/A       1%          2
 Call Canine Familiar     Summ           23%        N/A       3%          3
 Summon Guardian Golem    Hex/Summ       13%        N/A       12%         3
 Summon Lightning Spire   Summ/Air       13%        N/A       36%         4


Dungeon Overview and Level Annotations

Branches:
Dungeon (1/15)

Altars:


Innate Abilities, Weirdness & Mutations

You have very sharp teeth.
Your uncanny sense of smell can sniff out nearby items.
Your experience applies equally to all skills.


Message History

You barely miss the bat. The bat hits you but does no damage.
Your bat barely misses the bat.
The bat barely misses your bat.
Your bat closely misses the bat.
The bat misses you.
Your bat hits the bat but does no damage.
The bat hits you.
You take 1 damage, and have 8/13 hp.
You hit the bat.
No target in view!
No target in view!
Your bat disappears in a puff of smoke!
HP restored.
A ball python comes into view.
Health restored: 13; MP restored: 6 A ball python is nearby!
The helpless ball python fails to defend itself.
You hit the ball python. The ball python misses you.
The ball python barely misses you. The ball python bites you.
The ball python closely misses you.
You take 1 damage, and have 12/13 hp.
You hit the ball python but do no damage.
The ball python bites you. The ball python grabs you.
The ball python constricts you.
You take 2 damage, and have 10/13 hp.
You closely miss the ball python. The ball python bites you.
The ball python constricts you. The ball python barely misses you.
The ball python constricts you.
You take 4 damage, and have 6/13 hp.
MASSIVE DAMAGE!!
Casting: Summon Small Mammal (safe; 1% risk of failure)
Confirm with . or Enter, or press ? or * to list all spells.
The ball python barely misses you. The ball python constricts you.
You now have 5/6 mp.
Casting: Summon Small Mammal (safe; 1% risk of failure)
Confirm with . or Enter, or press ? or * to list all spells.
The ball python barely misses you. The ball python constricts you.
Your quokka barely misses the ball python.
You now have 4/6 mp.
You are too injured to fight recklessly!
You are too injured to fight recklessly!
You are too injured to fight recklessly!
You are too injured to fight recklessly!
You are too injured to fight recklessly!
You hit the ball python. Your bat hits the ball python.
You see here a ball python corpse.
Your quokka disappears in a puff of smoke!
Your bat disappears in a puff of smoke!
Health restored: 13; MP restored: 6 The ball python hisses angrily.
You hit the ball python. The ball python closely misses you.
The ball python barely misses you. The ball python closely misses you. x2
You hit the ball python.
No target in view!
c - a scroll labelled IHAKKIS MIETHRA You now have 15 gold pieces (gained 6).
You see here 22 arrows.
A rat comes into view.
A rat is nearby!
The rat bites you but does no damage.
You hit the rat.
No target in view!
d - a scroll labelled ALYIRR HABE An endoplasm comes into view.
An endoplasm is nearby!
A kobold comes into view.
It is wielding a +0 short sword of draining.
The helpless endoplasm fails to defend itself.
You hit the endoplasm. The endoplasm freezes you.
You are frozen.
The endoplasm freezes you.
You are frozen.
You take 4 damage, and have 9/13 hp.
MASSIVE DAMAGE!!
You hit the endoplasm. The endoplasm closely misses you.
You hit the endoplasm.
You have reached level 2!
You regained 4 hp, and now have 13/19 hp.
MP restored: 7
Casting: Summon Small Mammal (safe; 1% risk of failure)
Confirm with . or Enter, or press ? or * to list all spells.
Okay, then.
Found a stone staircase leading down.
The kobold shouts!
You hit the kobold.
The kobold hits you with a +0 short sword of draining.
You feel drained.
You take 4 damage, and have 9/18 hp.
MASSIVE DAMAGE!!
Casting: Summon Small Mammal (safe; 1% risk of failure)
Confirm with . or Enter, or press ? or * to list all spells.
The kobold closely misses you.
You now have 6/7 mp.
Casting: Summon Small Mammal (safe; 1% risk of failure)
Confirm with . or Enter, or press ? or * to list all spells.
The kobold hits you with a +0 short sword of draining.
* * * LOW HITPOINT WARNING * * *
You feel drained.
* * * LOW HITPOINT WARNING * * *
You take 5 damage, and have 4/17 hp.
MASSIVE DAMAGE!!
You now have 5/7 mp.
The kobold hits you with a +0 short sword of draining.
* * * LOW HITPOINT WARNING * * *
You feel drained.
You die...

#######
####.....
....>...##
#######rr######.
#.......K.......
...######@######
##### #..#
###...# ##.##
##...... #..#
##...#..< ##.#
##...###.. #.##
##...## ###
#..###...## #..
##.##...######.#
#.#..#........#


You could see a kobold (ally target), a friendly quokka (summoned) and a
friendly rat (summoned).

Vanquished Creatures
  A ball python (D:1)
  A bat (D:1)
  An endoplasm (D:1)
  A rat (D:1)
4 creatures vanquished.

Vanquished Creatures (collateral kills)
  A goblin (D:1)
  A ball python (D:1)
2 creatures vanquished.

Grand Total: 6 creatures vanquished

Notes
Turn   | Place    | Note
-------+----------+-------------------------------------------
     0 | D:1      | IndexError the Gnoll Summoner began the quest for the Orb.
     0 | D:1      | Reached XP level 1. HP: 13/13 MP: 6/6
   453 | D:1      | Reached XP level 2. HP: 13/19 MP: 7/7
   456 | D:1      | HP: 4/17 [kobold (1)]
   458 | D:1      | HP: 1/17 [kobold (3)]
   458 | D:1      | Slain by a kobold

Illustrated notes

Levels and vault maps discovered:
D:1:      dpeg_chamrin_arrival_tetris, layout_basic,
          shapermc_ecumenical_altar_notcrosses

Action                   || total
-------------------------++-------
Melee: Hand axe          ||    18
       Bite              ||     1
 Cast: Summon Small Mamm ||     7
 Stab: Sleeping          ||     3
Armor: Robe              ||     9
Dodge: Dodged            ||    20

Table legend: (Time is in decaauts)
 A = Elapsed time spent in this place.
 B = Non-inter-level travel time spent in this place.
 C = Inter-level travel time spent in this place.
 D = Time resting spent in this place.
 E = Time spent auto-exploring this place.
 F = Levels seen in this place.
 G = Mean time per level.
                   A        B        C        D        E       F      G
               +--------+--------+--------+--------+--------+-----+--------+
         Total |    462 |    462 |      0 |      0 |    392 |   1 |  462.0 |
       Dungeon |    462 |    462 |      0 |      0 |    392 |   1 |  462.0 |
               +--------+--------+--------+--------+--------+-----+--------+

Top non-repeatable levels by time:
     D:1: 462 daAuts

Table legend:
 A = Kills in this place as a percentage of kills in entire the game.
 B = Kills by you in this place as a percentage of kills by you in the entire game.
 C = Kills by friends in this place as a percentage of kills by friends in the entire game.
 D = Other kills in this place as a percentage of other kills in the entire game.
 E = Experience gained in this place as a percentage of experience gained in the entire game.
 F = Experience gained in this place divided by the number of levels of this place that you have seen.
                   A       B       C       D       E      F
               +-------+-------+-------+-------+-------+----------------------
         Total | 100.0 | 100.0 | 100.0 |   N/A | 100.0 |  10.0
       Dungeon | 100.0 | 100.0 | 100.0 |   N/A | 100.0 |  10.0
               +-------+-------+-------+-------+-------+----------------------
